Neld, lawful female human Valkyrie -------------------------------- |..............................| ------ |.--..-.|.-.---.--.-.- .-----.| |...<| |.| ..|.................-...|.| ##.....| |.| |..|........|..| | |.| # --.--- |.--+-----|...||.-.|--| . |.| ### # |......| |...|.|..| %| --.- |.| # # |.---- | ||---.|.(|%!|.-... |..######## # |.| -+--..{..-|-|.. |.._.|.| # +.| |.............-|-- |......| #### |.| --+--.----+--.G....|....|.| --|-.-+- |.| |.+ |-G---------|.. |......| |.| |.| |p@.Y| +.- |......| |.| |.---- |.'Y.| |.. ##.......| |.-+------..{.---------+------.| |......| |..............................| -------- -------------------------------- Neld the Skirmisher Experience level: 5 Strength: 17 Dexterity: 15 Constitution: 18 Intelligence: 9 Wisdom: 9 Charisma: 8 Health: 0(52) Energy: 11(11) Def: 9 Gold: 273 Moves: 2704 Dungeon seed: tvhDA4OotOo7952h Game ID: Neld_1591295451 Your Inventory: Coins $ - 273 gold pieces Weapons b - an uncursed +0 dagger (weapon in hand) r - an uncursed +0 orcish dagger G - 8 cursed -1 darts Armor e - an uncursed +3 small shield (being worn) n - an uncursed +0 orcish helm (being worn) q - an uncursed +0 scale mail (being worn) Y - a cursed -2 pair of iron shoes (being worn) Comestibles c - 3 uncursed food rations o - 2 uncursed lichen corpses Scrolls p - an uncursed scroll of taming s - a blessed scroll of stinking cloud t - an uncursed scroll of teleportation u - an uncursed scroll of blank paper z - a blessed scroll of confuse monster A - an uncursed scroll of gold detection Spellbooks j - an uncursed spellbook of sleep l - an uncursed spellbook of cone of cold I - an uncursed spellbook of magic mapping Potions h - an uncursed potion of extra healing x - a cursed potion of blindness C - an uncursed potion of acid E - an uncursed potion of wonder Rings v - an uncursed ring of see invisible w - an uncursed ring of slow digestion, searching and stealth Wands J - a cursed wand of striking (0:4) Tools d - an uncursed oil lamp (0:1386) y - 14 uncursed tallow candles (0:200) B - an uncursed magic marker (0:54) D - an uncursed wax candle (0:400) H - 2 blessed tallow candles (0:200) Spells and supernatural/magical abilities: Name Level Category Cost Memory W - pray for help -- divine ? -- Your skills at the end: Fighting Skills wands [Basic] Weapon Skills dagger [Basic] long sword [Basic] Spellcasting Skills Final Attributes: You were piously aligned. You were immune to cold. You were stealthy. You were held by a rope golem. You last prayed 734 turns ago. Tyr was noncommittal. You are dead. Vanquished creatures: a gnome king a dingo a gnome mummy a rock mole a pony a fog cloud 5 gnome lords a gnomish wizard a red naga hatchling a straw golem 2 dwarves a giant bat a werejackal 2 acid blobs a hobgoblin a yellow mold 26 gnomes 10 garter snakes a gnome zombie a gecko a jackal 2 foxes a kobold 2 goblins 2 sewer rats 2 grid bugs 4 bats 6 lichens 3 newts 83 creatures vanquished. Voluntary challenges: You had been an atheist until turn 1967. You used a wielded weapon 104 times, starting on turn 41. You were illiterate. You never genocided any monsters. You never polymorphed an object. You changed form 1 time, starting on turn 1963. You used no wishes. You never split a pudding. You never wrote Elbereth's name. You never violated your personal moral code. Dungeon overview: The Dungeons of Doom: levels 1 to 5 Level 1 a long staircase Level 2 a vault Level 3 Level 4 a scroll shop, an altar to Tyr stairs to The Gnomish Mines Level 5 many fountains The Gnomish Mines: levels 5 to 8 Level 5 stairs to The Dungeons of Doom Level 6 Level 7 Level 8 <- You were here a delicatessen, a temple to Tyr, some fountains History has recorded: On T:1 you entered the Dungeons of Doom to retrieve the Amulet of Yendor! On T:359 you reached level 2 of The Dungeons of Doom. On T:588 you advanced to experience level 2. On T:625 you reached level 3 of The Dungeons of Doom. On T:864 you reached level 4 of The Dungeons of Doom. On T:940 you advanced to experience level 3. On T:1189 you reached level 1 of The Gnomish Mines. On T:1220 you reached level 5 of The Dungeons of Doom. On T:1403 you advanced to experience level 4. On T:1856 you advanced to experience level 5. On T:2057 you reached level 2 of The Gnomish Mines. On T:2153 you reached level 3 of The Gnomish Mines. On T:2547 you reached level 4 of The Gnomish Mines. Score breakdown: Gold: 273 ( 8292 points) Experience: 5 levels (11141 points) Exploration: 8 levels ( 15.69%) (11224 points) Discoveries: 1 item ( 0.40%) ( 1897 points) Valuables value: (no points given unless you survive) Artifact value: 0 ( 0 points) Variety of kills: 29 monsters ( 7.63%) ( 8287 points) Turncount: 2704 turns ( -446 points) Survival: died (score multiplied by 80%) Total score: 32316 Latest messages: The gnomish wizard casts a spell! You hit the gnome queen. The rope golem hits! (2x) The rope golem grabs you! The gnome queen hits! You cannot escape from the rope golem! The rope golem just misses! The rope golem hits! You are being choked. The gnomish wizard casts a spell! The gnome queen hits! You cannot escape from the rope golem! The rope golem misses. The rope golem hits! You are being choked. The gnome queen misses. You cannot escape from the rope golem! The gnome queen hits! You cannot escape from the rope golem! The rope golem hits! You die... For some reason, you think that you can almost hear the Wizard laugh manically... Final status: Farvel Neld the Valkyrie, killed by a rope golem... You died in The Gnomish Mines on dungeon level 8 with 32316 points, and 273 pieces of gold, after 2704 moves. You were level 5 with a maximum of 52 hit points when you died.